Map: Blueshift LE

Players

Narumi - Winner!

  • Race: Terran Terran
  • League: Gold
  • Spawn Location: 1:00

Mesrob

  • Race: Terran Terran
  • League: Gold
  • Spawn Location: 7:00

VOD

Have the link to the VOD?

Description

Time

  • Played on: Jan. 21, 2019, 12:37 p.m.
  • Length: 8:06
Show
View Real Time Build Order
Export as new Build Order

Narumi Terran - Winner!

Build Orders:  

Get SALT Encoding   

  12  0:00  SCV  
  13  0:17  Supply Depot  
  13  0:18  SCV  
  14  0:26  Refinery  
  14  0:31  SCV  
  15  0:44  Barracks  
  15  0:46  SCV  
  16  1:04  Barracks  
  16  1:05  SCV  
  17  1:15  Refinery  
  17  1:19  SCV  
  18  1:31  Orbital Command  
  18  1:35  Reaper  
  19  1:47  Supply Depot  
  19  1:51  Reaper  
  20  1:57  SCV  
  21  2:08  Factory  
  21  2:18  SCV  
  22  2:25  Barracks Tech Lab  
  22  2:31  SCV  
  22  2:36  Marine  
  24  2:47  Marine  
  25  3:04  Stimpack  
  25  3:10  Marine x2  
  26  3:23  Starport, Factory Tech Lab  
  25  3:28  Barracks Reactor  
  25  3:33  Command Center  
  25  3:36  SCV  
  25  3:38  Barracks  
  26  3:48  Siege Tank  
  29  3:52  Marine  
  30  4:01  Starport Reactor  
  30  4:05  Marine  
  30  4:09  Supply Depot  
  31  4:15  Supply Depot  
  31  4:31  Marine, SCV  
  33  4:36  Marine x2  
  35  4:39  Marauder  
  35  4:41  Medivac x2  
  35  4:44  SCV  
  42  5:00  Siege Tank  
  42  5:01  Marine  
  42  5:02  Marine x2  
  48  5:12  Orbital Command  
  48  5:13  SCV  
  49  5:20  Marine x3  
  52  5:24  Medivac  
  52  5:28  SCV  
  55  5:32  Supply Depot  
  55  5:38  Marine x3  
  58  5:50  Medivac  
  58  5:54  Barracks Tech Lab  
  58  5:56  Marauder  
  62  6:18  Marauder  
  56  6:26  Siege Tank  
  56  6:27  Marine x3, Medivac  
  54  6:43  Marauder  
  54  6:45  Marine  
  54  6:46  Marauder  
  59  6:51  Marine  
  60  6:57  Refinery  
  60  6:58  Refinery  
  60  7:01  Factory  
  60  7:03  Marine, Medivac  
  60  7:04  Marine  
  60  7:07  Marine  
  65  7:09  Marine  
  66  7:21  Marine  
  66  7:22  Marine  
  68  7:24  Marine  
  69  7:34  Marine  
  70  7:39  Supply Depot  
  70  7:40  Supply Depot  
  70  7:41  Supply Depot  
  70  7:44  Supply Depot  
  70  7:46  Marine  
  70  7:47  Marine  
  70  7:48  Marine  
  70  8:05  Engineering Bay x2  
Show
View Real Time Build Order
Export as new Build Order

Mesrob Terran 

Build Orders: Mech 

Get SALT Encoding   

  12  0:01  SCV  
  13  0:13  SCV  
  14  0:17  Supply Depot  
  14  0:25  SCV  
  15  0:39  SCV  
  15  0:40  Barracks  
  16  0:45  Refinery  
  16  0:51  SCV  
  17  1:03  SCV  
  18  1:15  SCV  
  19  1:27  Orbital Command  
  19  1:41  Command Center  
  19  1:42  Marine  
  20  1:55  SCV  
  20  1:56  Bunker  
  21  2:07  Factory  
  20  2:17  Marine  
  20  2:22  SCV  
  22  2:29  Supply Depot  
  22  2:34  SCV  
  23  2:43  Supply Depot  
  23  2:51  Marine, SCV  
  23  2:52  Supply Depot  
  23  2:53  Factory Tech Lab  
  24  3:00  Refinery  
  23  3:12  Marine  
  23  3:14  Hellion  
  24  3:29  Orbital Command  
  24  3:39  Siege Tank  
  27  3:59  SCV x2  
  29  4:07  Marine  
  30  4:11  Siege Tank, SCV  
  30  4:12  SCV  
  30  4:16  Engineering Bay  
  35  4:24  SCV  
  36  4:36  Refinery, SCV  
  37  4:39  Refinery, SCV  
  37  4:43  Armory  
  38  4:48  SCV  
  38  4:49  Command Center  
  38  4:51  Siege Tank  
  42  5:00  SCV  
  43  5:12  Missile Turret, SCV  
  44  5:15  Missile Turret  
  44  5:24  SCV  
  44  5:27  Siege Tank  
  48  5:35  Supply Depot  
  48  5:36  SCV  
  48  5:40  Factory  
  49  5:45  Terran Vehicle Weapons Level 1  
  49  5:50  SCV  
  49  5:56  SCV  
  51  6:02  Factory, SCV  
  52  6:09  SCV  
  39  6:20  Thor  
  36  6:49  Factory Reactor x2  
  36  7:00  SCV  
  37  7:02  SCV  
  37  7:03  Thor  
  44  7:12  SCV  
  44  7:14  Sensor Tower  
  45  7:24  SCV  
  46  7:36  SCV  
  44  7:48  SCV  
Tags
 
Composition
Mech
League
GoldGold
Matchup
TvT
Race
Terran
Replay Pack
sc2 replays
Spawn Locations
Cross Positions
Add a new tag
Caveats
  • Supply blocks, unpowered buildings, or Contaminate may cause inaccurate times.
  • Supply counts are checked every 10 seconds.